Cogmind - Beta 10.2 @@@ ROGUE MODE // 2021.02.28 @ 12:13:08 Player: CrossedViper Result: Destroyed by D-53 Grenadier with Mini Grenade Launcher Performance ------------- Evolutions (0) 0 Regions Visited (2) 400 Robots Destroyed (6) 30 Value Destroyed (43) 43 Prototype IDs (0) 0 Alien Tech Used (0) 0 Bonus (60) 60 TOTAL SCORE: 533 Bonus ------- Follower Combat Kills 60 Cogmind --------- Core Integrity 0/250 Matter 213/300 Energy 98/100 System Corruption 0% Temperature Cool (1) Movement Treading (200) Ox2 Location -10/Mines Parts ------- > --- POWER (1) -------- (None) > --- PROPULSION (2) --- Light Treads > --- UTILITY (2) ------ Large Storage Unit High-capacity Storage Unit > --- WEAPON (2) ------- Assault Rifle Assault Rifle > --- INVENTORY (18) --- Aluminum Leg Heat Sink Heat Sink Small Storage Unit Assault Rifle Assault Rifle Assault Rifle Light Assault Rifle Mining Laser Peak State ------------ > --- POWER ------------ Light Ion Engine > --- PROPULSION ------- Light Treads Light Treads > --- UTILITY ---------- Small Storage Unit High-capacity Storage Unit > --- WEAPON ----------- Small Laser Light Assault Rifle > --- INVENTORY -------- Ion Engine Light Treads Heat Sink Heat Sink Assault Rifle Assault Rifle Assault Rifle Assault Rifle Assault Rifle Light Assault Rifle [Rating: 8] Favorites ----------- Power Light Ion Engine Engine Light Ion Engine Propulsion Light Treads Treads Light Treads Leg Aluminum Leg Utility High-capacity Storage Unit Storage High-capacity Storage Unit Weapon Small Laser Energy Gun Small Laser Ballistic Gun Light Assault Rifle Build | -11 -10 -10 ------- Run | Scr Mat Min Slots Evolved . | . . . Power . | . . . Propulsion . | . . . Utility . | . . . Weapon . | . . . Parts Attached 17 | 7 3 7 Power 2 | 1 . 1 Engine 2 | 1 . 1 Core . | . . . Reactor . | . . . Propulsion 4 | 2 . 2 Treads 3 | 2 . 1 Leg 1 | . . 1 Wheel . | . . . Hover . | . . . Flight . | . . . Utility 4 | 2 2 . Device . | . . . Storage 4 | 2 2 . Processor . | . . . Hackware . | . . . Protection . | . . . Artifact . | . . . Weapon 7 | 2 1 4 Energy Gun 2 | 2 . . Energy Cannon . | . . . Ballistic Gun 5 | . 1 4 Ballistic Cannon . | . . . Launcher . | . . . Special Weapon . | . . . Impact Weapon . | . . . Slashing Weapon . | . . . Piercing Weapon . | . . . Special Melee Weapon . | . . . Unidentified Prototypes . | . . . Parts Lost 9 | . 1 8 Power 2 | . . 2 Propulsion 2 | . . 2 Utility . | . . . Weapon 5 | . 1 4 Highest Loss Streak 8 | . 1 8 Average Slot Usage (%) 95 | . 100 92 Engine 12 | . 14 10 Treads 24 | . 28 22 Leg 1 | . . 2 Storage 28 | . 28 28 Energy Gun 11 | . 17 7 Ballistic Gun 16 | . 10 20 Naked Turns . | . . . Heaviest Build 57 | 14 53 57 Greatest Support 40 | 40 40 40 Greatest Overweight (x) 2 | . 1 2 Average Overweight (x) . | . . 1 Largest Inventory Capacity 18 | 8 18 18 Average Capacity 14 | 5 13 18 Most Carried 16 | 4 13 16 Average Carried 9 | 2 8 13 Final Capacity 18 | 8 18 18 Final Carried 13 | 2 13 9 Class Distribution -------------------- 100% | Mutant Dominant Class ---------------- Mutant | -10/Materials Mutant | -10/Mines Resources | -11 -10 -10 ----------- Run | Scr Mat Min Matter Collected 419 | 270 30 119 Remotely . | . . . Salvage Created 452 | 98 59 295 Parts 13 | 1 7 5 Haulers Intercepted . | . . . Recyclers Shooed 1 | . 1 . Parts Field Recycled . | . . . Retrieved Matter . | . . . Parts Self-Destructed . | . . . Prevented . | . . . Kills | -11 -10 -10 ------- Run | Scr Mat Min Combat Hostiles Destroyed 16 | . 3 13 Guns 16 | . 3 13 Classes Destroyed 4 | 1 1 2 Worker 1 | . . 1 Recycler 2 | 1 . 1 Swarmer 3 | . 3 . Assembled 13 | . . 13 Best Kill Streak 12 | 1 3 12 Combat Bots Only 12 | . 3 12 Max Kills in Single Turn 1 | 1 1 1 Gunslinging . | . . . Exploded . | . . . Melee . | . . . Uniques/NPCs Destroyed . | . . . Combat | -11 -10 -10 -------- Run | Scr Mat Min Damage Taken 1391 | . 234 1157 Core 258 | . 36 222 Absorbed by Shields . | . . . Core Remaining (%) 100 | 100 . . Volleys Fired 62 | 6 12 44 Largest 2 | 2 2 2 Hottest 90 | 90 90 60 Shots Fired 122 | 12 23 87 Gun 122 | 12 23 87 Cannon . | . . . Launcher . | . . . Special . | . . . Kinetic 81 | . 4 77 Thermal 41 | 12 19 10 Explosive . | . . . Electromagnetic . | . . . Robot Hit Streak 14 | 3 14 13 Robot Miss Streak 4 | 1 4 4 Penetration Max . | . . . Secondary Targets 6 | . . 6 Max Gunslinging Chain 1 | . . 1 Shots Hit Robots 74 | 6 16 52 Core Hits 44 | 2 4 38 Critical Hits . | . . . Critical Kills . | . . . Critical Parts Destroyed . | . . . Melee Attacks . | . . . Impact . | . . . Slashing . | . . . Piercing . | . . . Sneak Attacks . | . . . Combat Hostiles . | . . . Follow-up Attacks . | . . . Damage Inflicted 857 | 58 169 630 Guns 849 | 58 161 630 Cannons . | . . . Explosions . | . . . Melee . | . . . Ramming 8 | . 8 . Kinetic 580 | . 24 556 Thermal 269 | 58 137 74 Explosive . | . . . Electromagnetic . | . . . Impact . | . . . Slashing . | . . . Piercing . | . . . Highest Corruption . | . . . Average Corruption . | . . . Corruption Purged . | . . . Overload Shots . | . . . Overflow Damage . | . . . Projectiles . | . . . Explosions . | . . . Melee . | . . . Knockbacks . | . . . Impact . | . . . Kinetic . | . . . Secondary . | . . . Self-Inflicted Damage . | . . . Shots . | . . . Rammed 1 | . 1 . Targets Rammed 1 | . 1 . Kicked . | . . . Crushed . | . . . Highest Temperature 210 | 120 210 91 Average Temperature 63 | 49 106 31 Received Heat Transfer 208 | . 51 157 Siege Activations . | . . . Robots Corrupted . | . . . Combat Hostiles . | . . . Parts Fried . | . . . Impact Corruptions . | . . . Robots Melted . | . . . Combat Hostiles . | . . . Parts Melted 1 | . 1 . Heat Transferred 684 | 149 360 175 Parts Sabotaged . | . . . Parts Stolen . | . . . Parts Stripped . | . . . Power Chain Reactions . | . . . Missiles Intercepted . | . . . Alert | -11 -10 -10 ------- Run | Scr Mat Min Peak Influence 93 | 5 93 89 Initial 36 | . 3 36 Average 41 | 1 60 43 Maximum Alert Level . | . . . Low Security (%) 100 | 100 100 100 Level 1 . | . . . Level 2 . | . . . Level 3 . | . . . Level 4 . | . . . Level 5 . | . . . High Security . | . . . Max Security . | . . . Squads Dispatched . | . . . Investigation . | . . . Extermination . | . . . Reinforcement . | . . . Assault . | . . . Garrison . | . . . Intercept . | . . . Construction Impeded . | . . . Haulers Reinforced . | . . . Stealth | -11 -10 -10 --------- Run | Scr Mat Min Distress Signals 1 | . 1 . Communications Jammed . | . . . Distress Signals . | . . . Times Spotted 35 | . 9 26 Peak Tracking Total 10 | . 5 10 Tactical Retreats 3 | . 1 2 Traps | -11 -10 -10 ------- Run | Scr Mat Min Traps Triggered . | . . . Indirectly . | . . . Trap Hack Attempts . | . . . Triggered . | . . . Disarmed . | . . . Reprogrammed . | . . . Reused . | . . . Traps Extracted . | . . . Installed . | . . . Triggered . | . . . Machines | -11 -10 -10 ---------- Run | Scr Mat Min Machines Disabled . | . . . Max in Single Turn . | . . . Machines Sabotaged . | . . . Garrisons Compromised . | . . . Overloaded Fab Kills . | . . . Fab Network Shutdowns . | . . . Hacking | -11 -10 -10 --------- Run | Scr Mat Min Machines Accessed . | . . . Terminals . | . . . Fabricators . | . . . Repair Stations . | . . . Recycling Units . | . . . Scanalyzers . | . . . Garrison Access . | . . . Total Hacks . | . . . Successful . | . . . Failed . | . . . Catastrophic . | . . . Database Lockouts . | . . . Manual . | . . . Terminals . | . . . Fabricators . | . . . Repair Stations . | . . . Recycling Units . | . . . Scanalyzers . | . . . Garrison Access . | . . . Terminal Hacks . | . . . Fabricator Hacks . | . . . Repair Station Hacks . | . . . Recycling Unit Hacks . | . . . Scanalyzer . | . . . Garrison Access Hacks . | . . . Unauthorized Hacks . | . . . Terminals . | . . . Fabricators . | . . . Repair Stations . | . . . Recycling Units . | . . . Scanalyzers . | . . . Garrison Access . | . . . Data Cores Recovered . | . . . Used . | . . . Hacking Detections . | . . . Full Trace Events . | . . . Feedback Events . | . . . Feedback Blocked . | . . . Robot Schematics Acquired . | . . . Robots Built . | . . . Matter . | . . . Time . | . . . Total Robot Build Rating . | . . . Part Schematics Acquired . | . . . Parts Built . | . . . Matter . | . . . Time . | . . . Total Part Build Rating . | . . . Parts Repaired . | . . . Time . | . . . Parts Recycled . | . . . Recycled Matter . | . . . Retrieved Matter . | . . . Retrieved Components . | . . . Parts Scanalyzed . | . . . Part Schematics Acquired . | . . . Parts Damaged . | . . . Bothacking | -11 -10 -10 ------------ Run | Scr Mat Min Used RIF Installer . | . . . Robots Hacked . | . . . Non-combat . | . . . Combat . | . . . Robot Hacks Applied . | . . . Relay Couplers Released . | . . . Robots Rewired . | . . . Allies Hacked . | . . . Hacks Repelled . | . . . Allies | -11 -10 -10 -------- Run | Scr Mat Min Total Allies 1 | . . 1 Largest Group 1 | . . 1 Highest-Rated Group 31 | . . 31 Highest-Rated Ally 31 | . . 31 Total Orders . | . . . Ally Attacks 14 | . . 14 Total Damage 209 | . . 209 Kills 3 | . . 3 Allies Corrupted . | . . . Allies Melted . | . . . Intel | -11 -10 -10 ------- Run | Scr Mat Min Robot Analysis Total . | . . . Derelict Logs Recovered . | . . . Drone Launches . | . . . Drone Recoveries . | . . . Exploration | -11 -10 -10 ------------- Run | Scr Mat Min Turns Passed 682 | 115 216 351 Spaces Moved 262 | 59 95 108 Core 11 | 11 . . Treads 251 | 48 95 108 Legs . | . . . Wheels . | . . . Hover . | . . . Flight . | . . . Fastest Speed 50 | 50 160 180 Average Speed 170 | 139 174 183 Slowest Speed 200 | 160 180 200 Overloaded Moves . | . . . Propulsion Burnouts . | . . . Robots Hopped . | . . . Cave-ins Triggered . | . . . Exploration Rate (%) 18 | 4 24 27 Regions Visited 2 Branch Regions 1 Pre-discovered Areas . | . . . Known Exits Taken . | . . . Unknown Exits Taken 2 | 1 1 . Scrap Searched . | . . . Spaces Dug . | . . . Terrain Destroyed . | . . . Melee . | . . . Projectile . | . . . AOE . | . . . Terrain Rammed . | . . . Walls Destroyed . | . . . Machines Disabled . | . . . Actions | -11 -10 -10 --------- Run | Scr Mat Min Total 382 | 79 122 181 Wait 19 | . . 19 Move 260 | 58 94 108 Hop . | . . . Pick Up 22 | 8 11 3 Fast Attach 1 | 1 . . Attach 14 | 6 1 7 Detach . | . . . Swap 2 | . 2 . Drop 1 | . 1 . Fire 62 | 6 12 44 Melee . | . . . Ram . | . . . Kick . | . . . Crush 1 | . 1 . Escape Stasis . | . . . Rewire . | . . . Trap . | . . . Miscellaneous . | . . . Route ------- -11/Scrapyard -10/Materials -10/Mines History --------- Turn | Location | Event 2 | -11/Scrapyard | Met Revision 17 3 | -11/Scrapyard | Discovered new exit (range 15) 116 | -11/Scrapyard | Entered Materials 310 | -10/Materials | Discovered new exit (range 8) 316 | -10/Materials | Build established: Mutant 332 | -10/Materials | Entered Mines 352 | -10/Mines | Received a Mining Laser from a helpful Derelict 368 | -10/Mines | Met a Derelict bent on vengeance 490 | -10/Mines | Assembled infested the area 495 | -10/Mines | Assisted by a Guerilla fighting off Assembled 542 | -10/Mines | Core integrity fell below 50% 578 | -10/Mines | Core integrity fell below 20% 627 | -10/Mines | Destroyed 12 combat bots 653 | -10/Mines | Lost 8 parts (2p2n4w) 683 | -10/Mines | Destroyed by D-53 Grenadier with Mini Grenade Launcher Last Messages --------------- 00614_ K-01 Serf collects debris. 00615_ Aluminum Leg severed. 00617_ K-01 Serf collects debris. 00622_ Assault Rifle destroyed. 00624_ K-01 Serf collects debris. 00627_ as-59252 destroyed. 00627_ R-06 Scavenger collects Aluminum Leg. 00629_ K-01 Serf collects debris. 00630_ Acquired 20 matter. 00630_ K-01 Serf collects debris. 00632_ R-06 Scavenger collects Bore Cannon. 00634_ K-01 Serf collects debris. 00638_ K-01 Serf destroyed. 00639_ K-01 Serf collects debris. 00641_ Acquired 18 matter. 00642_ K-01 Serf collects debris. 00643_ R-06 Scavenger destroyed. 00645_ K-01 Serf collects debris. 00646_ Acquired 12 matter. 00649_ K-01 Serf collects debris. Map ----- +----------------------------------------------------+ | | | | | | | | | | | | | | | | | | | | | ?????????????????????????????????????????????????? | | ?????????????????????????????????????????????????? | | ??????#####??????????????????????????????????????? | | ??????? ##???????????????????????#????????????? | | ??????? ##?????????####???????? ????????????? | | ???????? #????????## #??###### #????????????? | | ???????? #???????## ### ?????????????? | | ????????# #???????# ??????????????? | | #####???# ####????? #???????????????? | | #?????? % #???????????????? | | ####?????# ## #?????? %##??????????????? | | ????????## #?# #####??# ## % #########??????? | | ???????## ### ## #### ### ##?????? | | ??????## ## # # %% ##????? | | #????##* %%%%* ?? | | #????#%= t @ k! % ?? | | #??### ####!= = [ ## """ ???? | | #?##!%########??#*%! ##?????"" ???????? | | ### *##??#####?# * ! ##????????????????? | | ## #### #### !* ## ##?????????????????? | | #?####%[ % #####??????????????????? | | #????##!!=##??????????????????????? | | ##?????##=%#???????????????????????? | | ###### ##??????#]=#???????????????????????? | | ##????## ##?????#dd#???????????????????????? | | #??????#### #?????# #???????????????????????? | | ??????????## ##????# #???????????????????????? | | ???????????## ##???# #???????????????????????? | | ????????????# #???# #???????????????????????? | | ????????????# #???#% #???????????????????????? | | ????????????## #???# ????????????????????????? | | ?????????????## ##???# ????????????????????????? | | ??????????????####????? ????????????????????????? | | ??????????????????????? ????????????????????????? | | ??????????????????????? ????????????????????????? | | ?????????????????????????????????????????????????? | | ?????????????????????????????????????????????????? | | ?????????????????????????????????????????????????? | | ?????????????????????????????????????????????????? | | ?????????????????????????????????????????????????? | +----------------------------------------------------+ Best States ------------- Heat Dissipation 25 Energy Generation 10 Energy Capacity 250 Matter Stores 300 Matter Capacity 300 Sight Range 16 Terrain Scan Density 10 Evasion (%) 50 Recoil Reduction 2 Item Schematics ----------------- None Robot Schematics ------------------ None Fabricated ------------ Nothing Alien Tech Used ----------------- None Achievements -------------- None Challenges ------------ None Game ------ Seed ChainArmageddonBooster Manual? 0 Play Time 00:07:04 Cumulative 350.4 hours Start 2021.02.28 @ 12:07:32 End 2021.02.28 @ 12:13:08 Sessions 1 Manual Loads 0 Difficulty Rogue Special Mode None Game No. 278 Rogue 271 Adventurer 0 Explorer 7 Win Type - Total 11 Types 3/1/7/0/0/0/0/0/0 Lore% 79 Gallery% 93 Achievement% 76 Wizard Run 0 Options --------- ASCII 0 Keyboard 0 Movement Numpad Keybinds 0 Fullscreen 1 Font 18/X11Bold Map View 76x50 Tactical HUD 1 Map Filters NONE Filters NONE Steam 1 RUN: a579fde8-4b68-4e54-b582-aa2f43b51527